 Dungeon Crawl Stone Soup version 0.28-a0-1206-g193881aaa2 (webtiles) character file.

Game seed: 4485171741958339794

194 fragbeetle the Poker (level 5, 0/41 HPs)
             Began as a Merfolk Gladiator on Dec 20, 2021.
             Succumbed to a kobold brigand's poison
             ... on level 4 of the Dungeon.
             The game lasted 00:08:18 (3095 turns).

fragbeetle the Poker (Merfolk Gladiator)            Turns: 3095, Time: 00:08:18

Health: 0/41       AC:  4    Str: 20    XL:     5   Next: 73%
Magic:  5/5        EV: 14    Int:  8    God:
Gold:   211        SH:  0    Dex: 15    Spells: 2/4 levels left

rFire   . . .      SeeInvis .   a - +0 trident
rCold   . . .      Faith    .   (no shield)
rNeg    . . .      Spirit   .   b - +0 leather armour
rPois   .          Reflect  .   c - +0 helmet
rElec   .          Harm     .   (no cloak)
rCorr   .          Rampage  .   (no gloves)
Will    .....                   (no boots)
Stlth   +.........              (no amulet)
HPRegen 0.13/turn               j - +6 ring of strength
MPRegen 0.09/turn               (no ring)

@: lethally poisoned (0 -> -7)
A: (nimble swimmer 2), mertail, weak 1
a: no special abilities


You were on level 4 of the Dungeon.
You visited 1 branch of the dungeon, and saw 4 of its levels.

You collected 211 gold pieces.

Inventory:

Hand Weapons
 a - a +0 trident (weapon)
Missiles
 d - 3 throwing nets
 f - 10 javelins (quivered)
 l - 78 stones
 r - 2 atropa-tipped darts
Armour
 b - a +0 leather armour (worn)
 c - a +0 helmet (worn)
 q - a +0 buckler
Jewellery
 j - a +6 ring of strength (left hand)
 p - a ring of fire
Wands
 n - a wand of flame (20)
Scrolls
 e - a scroll of amnesia {unknown}
 g - 2 scrolls of noise {unknown}
 i - a scroll of immolation {unknown}
 k - 2 scrolls of teleportation {unknown}
 o - 3 scrolls of identify {unknown}
Potions
 h - a potion of mutation
 m - a potion of cancellation {unknown}


   Skills:
 + Level 3.3 Fighting
 * Level 6.6 Polearms
 - Level 2.5 Throwing
 + Level 5.1 Dodging
 + Level 1.3 Shields
 + Level 0.0 Translocations


You had 2 spell levels left.
You knew the following spells:

 Your Spells              Type           Power      Damage    Failure   Level
a - Blink                 Tloc           0%         N/A       61%         2

Your spell library contained the following spells:

 Spells                   Type           Power      Damage    Failure   Level
 Scorch                   Fire           0%         2d5       61%         2
 Lesser Beckoning         Tloc           0%         N/A       83%         3
 Flame Wave               Conj/Fire      0%         2d4       99%         4
 Manifold Assault         Tloc           0%         N/A       100%        5
 Summon Cactus Giant      Summ           0%         N/A       100%        6


Dungeon Overview and Level Annotations

Branches:
Dungeon (4/15)
 Temple: D:4-7

Altars:


Innate Abilities, Weirdness & Mutations

((You are quick and stealthy near water. (Stealth+, EV+, Speed+++)))
Your lower body shifts to a powerful aquatic tail in water.
You are weak. (Str -2)


Message History

Found a mace.
Found a stone staircase leading down.
A goblin and a kobold brigand come into view.
The kobold brigand is wielding a +0 whip and quivering poisoned darts.
Found 19 sling bullets.
The goblin shouts!
The kobold brigand shouts!
Found 8 arrows.
The kobold brigand throws a poisoned dart.
The poisoned dart hits you!
You are poisoned.
You feel very sick.
You feel sick.
You feel sick.
You feel sick.
You feel sick.
The kobold brigand throws a poisoned dart.
The poisoned dart hits you!
You are more poisoned.
You feel very sick.
The kobold brigand throws a poisoned dart.
The poisoned dart hits you!
You are more poisoned.
You feel very sick.
You feel very sick.
You feel very sick.
The kobold brigand throws a poisoned dart.
The poisoned dart hits you!
You are lethally poisoned!
You feel very sick.
* * * LOW HITPOINT WARNING * * *
You feel very sick.
* * * LOW HITPOINT WARNING * * *
You feel very sick.
* * * LOW HITPOINT WARNING * * *
You feel very sick.
* * * LOW HITPOINT WARNING * * *
You feel sick.
Unknown command.
It was a potion of mutation.
You feel extremely strange.
You feel weaker.
You die...

#..#.....#.....#
...............#
###..........#######
#....g.......##...<#
######g##.........##.####
#....#.#############.####
###....# ###....#
#.....###########....#.#
#......@.......<..##.# #
#..#+#.........#### .#
#..+ +.........# .# #..#
#.........# ##
#..............#
#........#######
#.....##.# #.....##.#
#.....##.#


There were no monsters in sight!

Vanquished Creatures
  A centaur (D:3)
  Robin (D:2)
  3 adders (D:3)
  A white imp (D:4)
  2 worms
  A dart slug (D:2)
  2 orcs (D:3)
  5 endoplasms
  2 giant cockroaches (D:3)
  11 goblins
  8 hobgoblins
  2 jackals (D:3)
  6 kobolds
  4 ball pythons
  7 bats
  6 frilled lizards
  4 rats
66 creatures vanquished.

Vanquished Creatures (others)
  A plant (D:4)
1 creature vanquished.

Grand Total: 67 creatures vanquished

Notes
Turn   | Place    | Note
-------+----------+-------------------------------------------
     0 | D:1      | fragbeetle the Merfolk Gladiator began the quest for the
                  | Orb.
     0 | D:1      | Reached XP level 1. HP: 16/16 MP: 1/1
   506 | D:1      | Reached XP level 2. HP: 23/23 MP: 2/2
   795 | D:1      | Reached skill level 5 in Polearms
  1145 | D:1      | Reached XP level 3. HP: 21/28 MP: 3/3
  1526 | D:2      | Noticed Robin
  1584 | D:2      | Killed Robin
  2248 | D:2      | Reached XP level 4. HP: 34/34 MP: 4/4
  2719 | D:3      | Noticed a centaur
  2728 | D:3      | Killed a centaur
  2729 | D:3      | Reached skill level 6 in Polearms
  2729 | D:3      | Reached skill level 5 in Dodging
  2729 | D:3      | Reached skill level 1 in Shields
  2729 | D:3      | Reached XP level 5. HP: 27/41 MP: 5/5
  2892 | D:3      | Learned a level 2 spell: Blink
  3079 | D:4      | Noticed a kobold brigand
  3094 | D:4      | HP: 2/41 [poisoned by a kobold brigand]
  3095 | D:4      | Gained mutation: You are weak. (Str -2) [potion of
                  | mutation]
  3095 | D:4      | Succumbed to a kobold brigand's poison

Illustrated notes

Levels and vault maps discovered:
D:1:      giann_forest_graveyard, layout_loops_corners, serial_forest,
          infiniplex_forest_corner_1, infiniplex_forest_lined_room_2,
          infiniplex_forest_straight_1, infiniplex_forest_clump_double,
          serial_bayou_pond_d, minmay_statues_item, minmay_tromino_v2
D:2:      layout_basic, uniq_robin
D:3:      minmay_chambers_of_threes, layout_rooms, st_stairs_5
D:4:      layout_basic, minmay_temple_entry_steel_oval, serial_shops,
          nicolae_shop_behind_doors, serial_glass, glass_columns_a,
          glass_columns_b, serial_bayou_crossing

Skill      XL: |  1  2  3  4 |
---------------+-------------+-----
Polearms       | 5 6 |  6.6
Fighting       | 3 |  3.3
Dodging        | 5 |  5.1
Shields        | 1 |  1.3
Throwing       | |  2.5

Action                   |  1- 3 |  4- 6 || total
-------------------------+-------+-------++-------
Melee: Trident           |   118 |    53 ||   171
Throw: Javelin           |       |     5 ||     5
  Use: Potion            |       |     1 ||     1
 Stab: Sleeping          |     2 |     2 ||     4
Armor: Leather armour    |    19 |    11 ||    30
Dodge: Dodged            |    64 |    23 ||    87

Table legend: (Time is in decaauts)
 A = Elapsed time spent in this place.
 B = Non-inter-level travel time spent in this place.
 C = Inter-level travel time spent in this place.
 D = Time resting spent in this place.
 E = Time spent auto-exploring this place.
 F = Levels seen in this place.
 G = Mean time per level.
                   A        B        C        D        E       F      G
               +--------+--------+--------+--------+--------+-----+--------+
         Total |   3102 |   3072 |     30 |    696 |   1534 |   4 |  775.5 |
       Dungeon |   3102 |   3072 |     30 |    696 |   1534 |   4 |  775.5 |
               +--------+--------+--------+--------+--------+-----+--------+

Top non-repeatable levels by time:
     D:1: 1587 daAuts
     D:2: 762 daAuts
     D:3: 691 daAuts
     D:4: 60 daAuts
